Map: Celestial Enclave LE

Players

Morock

  • Race: Terran Terran
  • League: Gold
  • Spawn Location: 7:00

SCIInewby - Winner!

  • Race: Protoss Protoss
  • League: Master
  • Spawn Location: 1:00

VOD

Have the link to the VOD?

Description

Time

  • Played on: Feb. 11, 2026, 9:49 a.m.
  • Length: 17:20
Show
View Real Time Build Order
Export as new Build Order

Morock Terran 

Build Orders:  

Get SALT Encoding   

  12  0:01  SCV  
  13  0:17  Supply Depot  
  14  0:21  SCV  
  14  0:33  Refinery, SCV  
  15  0:46  Barracks  
  15  0:56  Refinery  
  15  1:01  SCV  
  15  1:02  Supply Depot  
  16  1:13  SCV  
  18  1:25  SCV  
  18  1:32  Barracks  
  18  1:36  Reaper  
  18  1:37  SCV  
  20  1:49  SCV  
  21  2:02  SCV  
  21  2:07  Marine  
  23  2:12  Supply Depot  
  23  2:19  Orbital Command  
  23  2:25  Marine  
  23  2:28  Factory  
  24  2:45  Engineering Bay  
  24  2:51  Marine  
  25  3:53  Factory Tech Lab  
  25  3:54  Barracks Tech Lab  
  25  4:00  Barracks Reactor  
  25  4:01  Command Center  
  25  4:05  Terran Infantry Weapons Level 1  
  25  4:08  SCV  
  26  4:10  Starport  
  26  4:13  Supply Depot  
  26  4:20  Siege Tank, SCV  
  26  4:23  Stimpack  
  30  4:32  SCV  
  30  4:36  Engineering Bay  
  31  4:40  Marine  
  31  4:41  Marine  
  31  4:44  Marauder  
  35  4:49  Starport Reactor  
  35  5:00  Cyclone  
  35  5:02  Marine x2  
  35  5:05  Marauder, Terran Infantry Armor Level 1  
  42  5:07  Armory  
  42  5:19  Marine x2  
  44  5:21  Missile Turret  
  44  5:27  Marauder  
  46  5:38  Orbital Command  
  46  5:46  Missile Turret, Marine x2  
  48  5:50  Medivac  
  50  6:02  Medivac, Combat Shield  
  52  6:06  SCV  
  52  6:07  SCV  
  52  6:08  Refinery  
  52  6:10  Missile Turret  
  53  6:18  SCV  
  53  6:19  SCV  
  53  6:23  Terran Vehicle And Ship Armor Level 1  
  55  6:27  Marauder  
  55  6:30  Marine x2  
  59  6:33  SCV x2  
  59  6:38  Supply Depot  
  61  6:41  Missile Turret  
  61  6:54  Marine  
  61  6:59  Marine  
  61  7:00  Marauder  
  65  7:04  Missile Turret  
  65  7:21  Concussive Shells  
  65  7:23  Terran Infantry Weapons Level 2  
  65  7:25  Terran Infantry Armor Level 2  
  65  7:28  Supply Depot x2  
  65  7:31  Supply Depot  
  65  7:49  Marine x2, Medivac, SCV  
  65  7:50  SCV  
  71  7:54  Supply Depot  
  71  7:58  Barracks  
  71  8:01  SCV  
  71  8:02  SCV  
  71  8:04  Medivac  
  75  8:09  Marine x2, Marauder  
  79  8:14  SCV x2  
  79  8:15  Cyclone  
  84  8:23  Barracks  
  84  8:27  Barracks  
  76  8:55  Medivac x2  
  84  9:01  Mag-Field Accelerator  
  88  9:03  Command Center  
  88  9:13  Barracks Tech Lab x2  
  88  9:14  Barracks Reactor  
  88  9:19  Supply Depot  
  88  9:37  Marine  
  88  9:38  Marine, Marauder x3  
  90  9:41  Supply Depot  
  90  9:55  Marine  
  90  9:56  Marine  
  90  9:59  Marine, Marauder  
  91  10:09  Marine  
  91  10:10  Marine, Marauder  
  91  10:13  Marine x2  
  86  10:17  Marauder  
  86  10:21  Marauder  
  90  10:27  Marine  
  91  10:31  Marauder  
  85  10:49  Siege Tank  
  88  10:54  Orbital Command  
  88  11:01  Supply Depot  
  88  11:02  Medivac x2  
  87  11:21  Siege Tank  
  90  11:35  Marine  
  90  11:38  Marine x3, Marauder  
  90  11:39  Marauder x2  
  100  11:53  Orbital Command, Marine  
  101  11:56  Marine x3  
  101  11:57  Terran Infantry Weapons Level 3  
  101  12:00  Marauder x3  
  101  12:19  Missile Turret  
  101  12:21  Marauder  
  101  12:22  Missile Turret  
  103  12:23  Marine, Marauder  
  103  12:25  Marine  
  107  12:32  SCV x2  
  107  12:34  SCV  
  110  12:40  Missile Turret  
  110  12:47  Terran Infantry Armor Level 3  
  110  12:57  Refinery  
  110  12:58  Marine x2, Refinery, Marauder  
  113  13:00  Marine  
  113  13:01  Marauder  
  117  13:09  Supply Depot  
  117  13:23  Supply Depot  
  117  13:31  Marine, Siege Tank, Viking  
  117  13:32  Viking  
  117  13:34  Supply Depot  
  125  13:38  Terran Vehicle And Ship Armor Level 2  
  125  13:43  Marine x2  
  125  13:44  Marauder  
  125  13:48  Supply Depot  
  129  13:54  SCV x2  
  129  13:55  SCV  
  132  14:01  Viking x2  
  136  14:03  Siege Tank  
  136  14:05  Drilling Claws  
  139  14:23  Supply Depot  
  139  14:34  Hi-Sec Auto Tracking  
  139  14:35  Widow Mine  
  141  14:43  Command Center  
  141  14:46  Supply Depot  
  141  14:48  SCV  
  142  14:56  Supply Depot  
  142  14:57  Widow Mine  
  142  14:59  Supply Depot  
  144  15:13  Missile Turret  
  144  15:15  Marine x2, Marauder x2  
  144  15:18  Widow Mine  
  152  15:22  Missile Turret  
  152  15:24  Neosteel Armor  
  152  15:31  Marine, Marauder  
  152  15:35  Missile Turret  
  155  15:37  Marauder  
  93  16:09  Marine  
  93  16:10  Marine, Marauder x2  
  65  16:27  Marine x2  
  65  16:32  Marauder, Viking  
Show
View Real Time Build Order
Export as new Build Order

SCIInewby Protoss - Winner!

Build Orders: 1 Gate Expand 

Get SALT Encoding   

  12  0:01  Probe  
  13  0:13  Probe  
  14  0:22  Pylon  
  14  0:30  Probe  
  15  0:41  Gateway  
  15  0:51  Probe  
  16  1:03  Probe  
  17  1:14  Nexus  
  17  1:18  Probe  
  18  1:32  Assimilator  
  18  1:39  Pylon  
  18  1:43  Probe  
  19  1:48  Zealot  
  21  2:00  Forge  
  21  2:05  Probe, Pylon  
  21  2:17  Probe, Zealot  
  24  2:25  Probe  
  24  2:26  Probe  
  24  2:28  Cybernetics Core  
  26  2:33  Probe  
  26  2:47  Photon Cannon  
  26  3:00  Probe x2  
  26  3:03  Pylon  
  27  3:14  Probe x2  
  29  3:22  Probe  
  29  3:26  Probe  
  30  3:30  Probe  
  30  3:37  Warp Gate  
  30  3:38  Probe  
  30  3:39  Probe  
  32  3:50  Photon Cannon  
  32  3:52  Probe x2  
  31  3:57  Pylon  
  31  4:00  Assimilator  
  33  4:05  Probe  
  33  4:06  Twilight Council  
  34  4:11  Probe  
  35  4:17  Probe  
  35  4:23  Probe  
  37  4:29  Probe  
  37  4:31  Probe  
  37  4:37  Probe  
  39  4:39  Probe, Assimilator  
  39  4:42  Gateway  
  39  4:43  Assimilator  
  41  4:47  Gateway  
  41  4:51  Charge  
  41  4:53  Protoss Ground Weapons Level 1  
  41  5:02  Dark Shrine  
  41  5:03  Probe  
  41  5:04  Probe  
  43  5:15  Probe  
  43  5:16  Probe  
  45  5:27  Probe  
  46  5:32  Gateway  
  46  5:33  Probe  
  46  5:34  Gateway  
  46  5:36  Probe  
  46  5:38  Gateway  
  46  5:40  Gateway  
  48  5:46  Zealot  
  48  5:47  Zealot  
  48  5:48  Zealot  
  54  6:06  Pylon, Protoss Air Weapons Level 1  
  54  6:13  Probe x2  
  54  6:16  Pylon  
  56  6:20  Dark Templar x2  
  56  6:21  Dark Templar  
  62  6:31  Dark Templar  
  62  6:32  Dark Templar  
  66  6:46  Nexus  
  66  6:51  Assimilator  
  66  6:52  Probe x2  
  68  7:04  Probe x2  
  54  7:11  Protoss Shields Level 1  
  54  7:12  Zealot  
  54  7:13  Zealot x5  
  54  7:14  Zealot  
  64  7:30  Stargate  
  64  7:35  Zealot  
  64  7:36  Zealot x4  
  74  7:38  Zealot  
  74  7:39  Blink  
  74  7:41  Zealot  
  78  8:03  Probe x3  
  81  8:13  Nexus  
  81  8:15  Probe x3  
  84  8:26  Pylon  
  85  8:27  Probe x2  
  85  8:30  Pylon  
  85  8:34  Dark Templar  
  88  8:35  Dark Templar, Pylon  
  90  8:41  Shadow Stride  
  90  8:43  Pylon  
  90  8:45  Zealot x3  
  96  8:50  Pylon  
  96  8:52  Dark Templar x2  
  96  8:55  Probe x2  
  102  8:56  Probe  
  103  9:05  Dark Templar x2  
  103  9:06  Dark Templar  
  109  9:10  Dark Templar  
  111  9:21  Zealot  
  99  9:55  Pylon  
  99  10:02  Zealot x3, Pylon  
  99  10:03  Zealot x3  
  111  10:11  Probe x3  
  92  10:18  Archon x3  
  92  10:23  Probe x3  
  92  10:26  Fleet Beacon  
  92  10:28  Zealot x3  
  97  10:29  Zealot  
  97  10:33  Zealot x2  
  111  10:50  Void Ray  
  111  10:51  Zealot  
  111  10:53  Zealot x3, Pylon  
  111  10:54  Zealot x2  
  123  11:03  Probe x2  
  123  11:04  Probe  
  126  11:07  Nexus  
  114  11:15  Probe  
  91  11:25  Zealot  
  89  11:26  Zealot  
  89  11:27  Zealot x3  
  89  11:28  Zealot  
  99  11:33  Probe x3  
  102  11:41  Carrier  
  102  11:44  Photon Cannon  
  102  11:45  Probe  
  102  11:47  Photon Cannon  
  109  11:54  Dark Templar  
  109  11:55  Zealot  
  109  11:58  Photon Cannon x2  
  109  11:59  Zealot x4  
  85  12:18  Zealot  
  87  12:30  Protoss Ground Weapons Level 2  
  87  12:31  Zealot x3  
  87  12:32  Zealot x2, Pylon  
  97  12:39  Photon Cannon  
  97  12:40  Gateway  
  97  12:41  Photon Cannon  
  97  12:43  Gateway  
  97  12:44  Photon Cannon  
  97  12:53  Probe x3  
  97  12:54  Probe  
  101  13:05  Probe  
  102  13:09  Zealot x3  
  102  13:10  Zealot, Nexus  
  110  13:13  Sentry, Zealot  
  114  13:20  Assimilator  
  114  13:21  Assimilator  
  114  13:22  Pylon  
  114  13:25  Pylon  
  114  13:30  Assimilator  
  114  13:31  Carrier  
  114  13:32  Zealot x4  
  122  13:34  Assimilator  
  136  13:58  Zealot x2  
  140  14:03  Mothership  
  140  14:06  Probe  
  141  14:16  Protoss Air Weapons Level 2  
  141  14:24  Probe x3  
  141  14:25  Probe  
  141  14:27  Zealot x4  
  141  14:28  Zealot, Carrier  
  161  14:40  Zealot x2  
  161  14:42  Zealot  
  167  14:54  Protoss Shields Level 2  
  167  15:05  Zealot x5  
  167  15:06  Zealot x3, Pylon  
  183  15:15  Pylon  
  183  15:19  Pylon  
  183  15:40  Zealot x3  
  183  15:41  Zealot x5  
  185  16:01  Zealot x5  
  185  16:02  Zealot x2  
  185  16:03  Zealot  
  150  16:13  Probe x4  
  140  16:32  Probe x2  
  138  16:33  Probe x2  
  138  16:34  Zealot  
  138  16:35  Zealot x3  
  138  16:36  Zealot  
  138  16:37  Zealot x2  
  146  16:44  Probe  
  147  16:47  Zealot  
  147  16:51  Pylon  
Tags
 
Add a new tag
Caveats
  • Supply blocks, unpowered buildings, or Contaminate may cause inaccurate times.
  • Supply counts are checked every 10 seconds.